 Dungeon Crawl Stone Soup version 0.22.0-38-g04b72b8 (webtiles) character file.

30 BryzzWind the Magician (level 3, 0/24 HPs)
             Began as a Mummy Wizard on Aug 30, 2018.
             Killed from afar by a dart slug (4 damage)
             ... with a slug dart
             ... on level 2 of the Dungeon.
             The game lasted 00:05:15 (1470 turns).

BryzzWind the Magician (Mummy Wizard)               Turns: 1470, Time: 00:05:16

Health: 0/24       AC:  3    Str: 10    XL:     3   Next: 5%
Magic:  1/9        EV: 12    Int: 18    God:
Gold:   64         SH:  0    Dex: 10    Spells: 8/11 levels left

rFire    x . .     SeeInvis .   m - +0 whip (elec)
rCold    + . .     Gourm    .   (no shield)
rNeg     + + +     Faith    .   a - +0 robe
rPois    ∞         Spirit   .   b - +0 hat
rElec    .         Reflect  .   (no cloak)
rCorr    .         Harm     .   (no gloves)
MR       .....                  h - +0 pair of boots
Stlth    ++........             (no amulet)
HPRegen  0.08/turn              (no ring)
MPRegen  0.11/turn              (no ring)

@: very slightly contaminated
A: no food or potions, fire vulnerability, cold resistance 1, negative energy
resistance 3, torment resistance, unbreathing
a: no special abilities


You were on level 2 of the Dungeon.
You were not hungry.

You visited 1 branch of the dungeon, and saw 2 of its levels.

You collected 64 gold pieces.

Inventory:

Hand Weapons
 d - a +0 short sword
 m - a +0 whip of electrocution (weapon)
Missiles
 c - 11 sling bullets
 g - 110 stones (quivered)
Armour
 a - a +0 robe (worn)
 b - a +0 hat (worn)
 e - a +0 shield
 h - a +0 pair of boots (worn)
 j - a +0 leather armour
Scrolls
 i - a scroll of immolation
 l - a scroll of blinking


   Skills:
 + Level 0.7 Short Blades
 + Level 1.9 Dodging
 + Level 1.8 Stealth
 + Level 4.5 Spellcasting
 + Level 1.0 Conjurations
 + Level 0.8 Summonings
   Level 0.7 Translocations


You had 8 spell levels left.
You knew the following spells:

 Your Spells              Type           Power        Failure   Level  Hunger
a - Magic Dart            Conj           #...         9%          1    N/A
b - Call Imp              Summ           #.......     16%         2    N/A

Your spell library contained the following spells:

 Spells                   Type           Power        Failure   Level  Hunger
 Blink                    Tloc           N/A          16%         2    N/A
 Slow                     Hex            #.......     22%         2    N/A
 Conjure Flame            Conj/Fire      #.......     32%         3    N/A
 Mephitic Cloud           Conj/Pois/Air  #.......     36%         3    N/A

Dungeon Overview and Level Annotations

Branches:
Dungeon (2/15)

Altars:
Uskayaw


Innate Abilities, Weirdness & Mutations

You do not eat or drink.
Your flesh is vulnerable to fire.
You are immune to poison.
Your flesh is cold resistant. (rC+)
You are immune to negative energy. (rN+++)
You are immune to unholy pain and torment.
You can survive without breathing.


Message History

Aim: an adder (almost dead)
The magic dart hits the adder.
You kill the adder!
You have reached level 3!
Your experience leads to an increase in your attributes!
Increase (S)trength, (I)ntelligence, or (D)exterity?
You feel clever.
Your crimson imp blinks!
Your crimson imp blinks!
Casting: Magic Dart (safe; 9% risk of failure)
Confirm with . or Enter, or press ? or * to list all spells.
You don't have enough magic to cast that spell.
Unknown command.
The dart slug bites your crimson imp but does no damage.
Your crimson imp disappears in a puff of smoke!
Your crimson imp hits the dart slug.
Your crimson imp hits the dart slug.
The dart slug launches a dart at you. The slug dart hits you!
You die...

..........#.##......# #.......
.###..###.†.#.....!.# ######## ##
#..# ##..#.##.##†# # # ##..##
##.#. #.##<#### ## # ###....#
#.#. #.......###.###### ##..##..#
.....<.##.##.##.#.##...
............#.##.##.##.........##
............#.......# #.##.......
###.###.##### #.@#### #.....####
###.# .# ##.# ##...## ....# #.#
#...# ##### ##.## #...#
############...# #...#
#.....#........#######...#####
#.....#.##.#...#..............
#.......##.....w.5w...........
#.....#.##.....#..............


You could see a dart slug.

Vanquished Creatures
  An adder (D:2)
  A leopard gecko (D:1)
  4 bats
  2 goblins (D:1)
  2 hobgoblins
  A frilled lizard (D:1)
  2 kobolds (D:1)
  A rat (D:1)
14 creatures vanquished.

Vanquished Creatures (collateral kills)
  A ball python (D:1)
  A giant cockroach (D:2)
  2 hobgoblins
  2 kobolds
  A bat (D:2)
  A frilled lizard (D:2)
8 creatures vanquished.

Grand Total: 22 creatures vanquished

Notes
Turn   | Place    | Note
-------+----------+-------------------------------------------
     0 | D:1      | BryzzWind the Mummy Wizard began the quest for the Orb.
     0 | D:1      | Reached XP level 1. HP: 13/13 MP: 5/5
   602 | D:1      | Reached XP level 2. HP: 19/19 MP: 1/7
   607 | D:1      | Learned a level 2 spell: Call Imp
  1188 | D:2      | Reached skill level 1 in Conjurations
  1456 | D:2      | Found a hide-covered altar of Uskayaw.
  1458 | D:2      | Reached XP level 3. HP: 3/24 MP: 0/9
  1470 | D:2      | Killed from afar by a dart slug

Skill      XL: |  1  2 |
---------------+-------+-----
Conjurations   | 1 |  1.0
Short Blades   | |  0.7
Dodging        | |  1.9
Stealth        | |  1.8
Spellcasting   | |  4.5
Summonings     | |  0.8
Translocations | |  0.7

Action                   || total
-------------------------++-------
Melee: Short sword       ||    38
       Whip              ||     8
 Cast: Magic Dart        ||    35
       Call Imp          ||     8
  Use: Scroll            ||     7
 Stab: Sleeping          ||     1
Armor: Robe              ||    23
Dodge: Dodged            ||    62
